 Dungeon Crawl Stone Soup version 0.27-a0-1193-g8631133539 (webtiles) character file.

Game seed: 10098514768288266977

21 Delamore the Poker (level 2, -1/25 HPs)
             Began as a Draconian Gladiator on May 26, 2021.
             Slain by a hobgoblin (3 damage)
             ... led by Robin
             ... on level 2 of the Dungeon.
             The game lasted 00:01:19 (915 turns).

Delamore the Poker (Draconian Gladiator)             Turns: 915, Time: 00:01:20

Health: -1/25      AC:  5    Str: 16    XL:     2   Next: 65%
Magic:  2/2        EV: 12    Int:  8    God:
Gold:   94         SH:  0    Dex: 12    Spells: 1/1 levels left

rFire    . . .     SeeInvis .   a - +0 trident
rCold    . . .     Faith    .   (no shield)
rNeg     . . .     Spirit   .   (armour unavailable)
rPois    .         Reflect  .   b - +0 hat
rElec    .         Harm     .   f - +0 cloak
rCorr    .         Rampage  .   (no gloves)
Will     .....                  (no boots)
Stlth    +.........             (no amulet)
HPRegen  0.08/turn              (no ring)
MPRegen  0.08/turn              (no ring)

@: mighty
A: AC +4, unfitting armour, cold-blooded
a: no special abilities


You were on level 2 of the Dungeon.
You visited 1 branch of the dungeon, and saw 2 of its levels.

You collected 94 gold pieces.

Inventory:

Hand Weapons
 a - a +0 trident (weapon)
Missiles
 c - 3 throwing nets (quivered)
Armour
 b - a +0 hat (worn)
 f - a +0 cloak (worn)
Potions
 e - a potion of flight {unknown}


   Skills:
 + Level 2.7 Fighting
 * Level 3.7 Polearms
 - Level 1.7 Throwing
 - Level 2.6 Dodging


You had one spell level left.
You didn't know any spells.
Your spell library was empty.

Dungeon Overview and Level Annotations

Branches:
Dungeon (2/15)

Altars:

Shops:
D:1 :

Annotations:
D:2 Robin


Innate Abilities, Weirdness & Mutations

Your plain brown scales are hard. (AC +4)
You cannot fit into any form of body armour.
You are cold-blooded and may be slowed by cold attacks.


Message History

The goblin shouts!
You puncture the goblin!
You kill the goblin!
Robin zaps a wand.
The puff of flame hits you!
A hobgoblin comes into view.
Found a hardcover book.
A goblin comes into view. It is wielding a +0 dagger.
The goblin shouts!
You hear a shout!
A hobgoblin comes into view. It is wielding a +0 great mace.
A goblin comes into view. It is wielding a +0 dagger. x2
Robin roars a battlecry!
The goblins go into a battle-frenzy!
A goblin comes into view. It is wielding a +0 dagger.
The goblin moves out of view.
You hear a shout!
You reach to attack!
You hit Robin.
Robin is moderately wounded.
You hear a shout! x2
A goblin comes into view. It is wielding a +0 dagger.
A hobgoblin comes into view.
Robin throws the goblin at you! The goblin closely misses you.
You miss the goblin. The goblin misses you. The goblin closely misses you.
Robin throws the goblin at you! The goblin hits you with a +0 dagger.
You see here a +0 hunting sling.
The goblin hits you with a +0 dagger. Robin throws the goblin at you!
* * * LOW HITPOINT WARNING * * *
Okay, then.
The goblin hits you with a +0 dagger.
* * * LOW HITPOINT WARNING * * *
The goblin closely misses you.
Robin's bangles clink loudly.
The goblin hits you with a +0 dagger.
* * * LOW HITPOINT WARNING * * *
The goblin barely misses you. Robin throws the goblin at you!
The goblin hits you but does no damage.
It was a potion of might.
You feel very mighty all of a sudden. The hobgoblin hits you.
You die... ..gg......##.......# .g.g.###g).......... .gg

#.....#..... .
#).g.$......
..###........##
.........g....# ....
.........g....# .....
..#.....ggg...# .....
.#...#...@....###....
#...####g#.####... .#
#.......).....#.# ..
#..##########...####
..
.......##......####..
....##...............
###...####....#.##>..
........#..##.#.##...
#......###........


You could see Robin, 2 hobgoblins and 5 goblins.

Vanquished Creatures
  3 bats (D:1)
  3 endoplasms
  2 goblins
  A hobgoblin (D:1)
  3 kobolds
  A quokka (D:1)
  3 ball pythons
  2 frilled lizards (D:1)
  3 rats (D:1)
21 creatures vanquished.

Notes
Turn   | Place    | Note
-------+----------+-------------------------------------------
     0 | D:1      | Delamore the Draconian Gladiator began the quest for the
                  | Orb.
     0 | D:1      | Reached XP level 1. HP: 17/17 MP: 1/1
   144 | D:1      | Reached XP level 2. HP: 24/25 MP: 2/2
   901 | D:2      | Noticed Robin
   913 | D:2      | HP: 1/25 [goblin/+0 dagger[Robin] (3)]
   915 | D:2      | Slain by a hobgoblin

Illustrated notes

Levels and vault maps discovered:
D:1:      dpeg_arrival_long_road, layout_basic, serial_shops, shop_coins
D:2:      layout_rooms, shapermc_ecumenical_altar_mp_ritualfount,
          uniq_crazy_yiuf_cottage, uniq_robin

Action                   || total
-------------------------++-------
Melee: Trident           ||    45
       Tailslap          ||     5
  Use: Potion            ||     1
 Stab: Sleeping          ||     1
Armor: Skin              ||     9
Dodge: Dodged            ||    24

Table legend: (Time is in decaauts)
 A = Elapsed time spent in this place.
 B = Non-inter-level travel time spent in this place.
 C = Inter-level travel time spent in this place.
 D = Time resting spent in this place.
 E = Time spent auto-exploring this place.
 F = Levels seen in this place.
 G = Mean time per level.
                   A        B        C        D        E       F      G
               +--------+--------+--------+--------+--------+-----+--------+
         Total |    921 |    878 |     43 |      0 |    759 |   2 |  460.5 |
       Dungeon |    921 |    878 |     43 |      0 |    759 |   2 |  460.5 |
               +--------+--------+--------+--------+--------+-----+--------+

Top non-repeatable levels by time:
     D:1: 851 daAuts
     D:2: 69 daAuts
